 Dungeon Crawl Stone Soup version 0.31-a0-879-g1609e0ac53 (webtiles) character file.

Game seed: 546278025224821548

816 archon2 the Frost Mage (level 7, -7/41 HPs)
             Began as a Deep Elf Ice Elementalist on Oct 14, 2023.
             Engulfed by a steam dragon's steam (10 damage)
             ... on level 6 of the Dungeon.
             The game lasted 00:19:27 (5053 turns).

archon2 the Frost Mage (Deep Elf Ice Elementalist)  Turns: 5053, Time: 00:19:28

Health: -7/41      AC:  5    Str:  5    XL:     7   Next: 62%
Magic:  13/18      EV: 13    Int: 22    God:
Gold:   197        SH:  0    Dex: 15    Spells: 14/18 levels left

rFire   x . .        b - +0 sling
rCold   + . .        (no shield)
rNeg    . . .        f - +0 robe
rPois   .            (no helmet)
rElec   .            p - +0 cloak
rCorr   .            h - +0 pair of gloves
SInv    .            o - +0 pair of boots
Will    .....        n - amulet of the acrobat
Stlth   ++           E - ring of ice
HPRegen 0.26/turn    (no ring)
MPRegen 0.16/turn

%: acrobat
@: freezing walls
A: no striking features
a: no special abilities


You were on level 6 of the Dungeon.
You visited 1 branch of the dungeon, and saw 6 of its levels.
You also visited: Sewer.

You collected 332 gold pieces.
You spent 135 gold pieces at shops.

Inventory:

Hand Weapons
 a - the +2 mace "Liveg" {protect, rCorr}
   (You found it on level 3 of the Dungeon)

   rCorr:     It protects you from acid and corrosion.
 b - a +0 sling (weapon)
 q - a +0 spear of venom
 y - a +1 short sword of draining
Missiles
 w - 4 curare-tipped darts
 A - 6 poisoned darts
 K - a throwing net
Armour
 f - a +0 robe (worn)
 h - a +0 pair of gloves (worn)
 o - a +0 pair of boots (worn)
 p - a +0 cloak (worn)
Jewellery
 n - an amulet of the acrobat (around neck)
 E - a ring of ice (left hand)
 L - a ring of protection from cold
Talismans
 d - a flux talisman
Scrolls
 e - 2 scrolls of fog {unknown}
 i - a scroll of silence {unknown}
 m - 2 scrolls of identify {unknown}
 r - a scroll of revelation {unknown}
 t - a scroll of brand weapon {unknown}
 x - a scroll of enchant armour {unknown}
 z - 3 scrolls of blinking {unknown}
 B - 3 scrolls of teleportation {unknown}
 D - 4 scrolls of immolation {unknown}
 G - a scroll of acquirement {unknown}
 H - 2 scrolls of poison {unknown}
Potions
 c - 3 potions of haste {unknown}
 g - a potion of magic
 j - 6 potions of curing {@q1}
 k - a potion of mutation {unknown}
 l - 2 potions of lignification {unknown}
 s - 3 potions of might {unknown}
 u - a potion of resistance {unknown}
 v - a potion of berserk rage {unknown}
 C - 2 potions of heal wounds {unknown}
 F - 2 potions of degeneration {unknown}
 I - 2 potions of attraction {unknown}
 J - 3 potions of enlightenment {unknown}


   Skills:
 + Level 3.0 Fighting
 - Level 3.1 Dodging
 - Level 2.4 Stealth
 + Level 6.2 Spellcasting
 * Level 8.0 Ice Magic


You had 14 spell levels left.
You knew the following spells:

 Your Spells              Type           Power      Damage    Failure   Level
a - Freeze                Ice            100%       1d10      1%          1
b - Frozen Ramparts       Ice            100%       1d16      1%          3

Your spell library contained the following spells:

 Spells                   Type           Power      Damage    Failure   Level
 Ozocubu's Armour         Ice            59%        N/A       1%          3
 Slow                     Hex            24%        N/A       9%          1
 Summon Ice Beast         Ice/Summ       37%        N/A       17%         4
 Confusing Touch          Hex            6%         N/A       26%         3
 Sigil of Binding         Hex            6%         N/A       26%         3
 Vampiric Draining        Necr           6%         2d6       26%         3


Dungeon Overview and Level Annotations

Branches:
Dungeon (6/15)              Sewer (visited)
 Temple: D:4-7

Altars:
Gozag
Hepliaklqana
Qazlal
Trog
Wu Jian
Zin

Shops:
D:1 [

Annotations:
D:3 1 runed translucent door, perezv8180's ghost, amateur TrSh


Message History

Fire: b) +0 sling
Press: ? - help, Q - select action, (/) - cycle Shift-Dir - straight line, f/p - steam dragon
Aim: a steam dragon (moderately wounded, catching its breath, 56% to hit)
You shoot a sling bullet.
The sling bullet hits the steam dragon but does no damage.
The steam dragon is moderately wounded.
You are engulfed in a cloud of scalding steam.
Casting: Frozen Ramparts (safe; 1% risk of failure)
Confirm with . or Enter, or press ? or * to list all spells.
Aiming: Freeze (safe; 1% risk of failure)
Press: ? - help, Shift-Dir - straight line, f/p - steam dragon
Aim: a steam dragon (steam, moderately wounded, catching its breath)
You feel a surge of power!
You freeze the steam dragon!
The steam dragon is heavily wounded.
You are engulfed in a cloud of scalding steam.
The wall freezes the steam dragon.
The steam dragon closely misses you. The steam dragon barely misses you.
Casting: Freeze (safe; 1% risk of failure)
Confirm with . or Enter, or press ? or * to list all spells.
Aiming: Freeze (safe; 1% risk of failure)
Press: ? - help, Shift-Dir - straight line, f/p - steam dragon
Aim: a steam dragon (severely wounded)
You feel a surge of power!
You freeze the steam dragon.
The steam dragon is severely wounded.
You are engulfed in a cloud of scalding steam.
* * * LOW HITPOINT WARNING * * *
The wall freezes the steam dragon but does no damage.
The steam dragon bites you.
* * * LOW HITPOINT WARNING * * *
The steam dragon claws you.
* * * LOW HITPOINT WARNING * * *
Casting: Freeze (safe; 1% risk of failure)
Confirm with . or Enter, or press ? or * to list all spells.
Aiming: Freeze (safe; 1% risk of failure)
Press: ? - help, Shift-Dir - straight line, f/p - steam dragon
Aim: a steam dragon (severely wounded)
You feel a surge of power!
You freeze the steam dragon.
The steam dragon is severely wounded.
You are engulfed in a cloud of scalding steam.
You die...

###
#@#
#.D.#
#.⌠.#
#...#
#..##
.###
. ⌠.


You could see a steam dragon.

Vanquished Creatures
  5 kobold brigands
  2 jellies (D:4)
  A hound (D:4)
  A sleepcap (D:5)
  An iguana (D:5)
  3 orc wizards
  3 river rats (Sewer)
  11 adders
  5 worms
  2 dart slugs
  10 orcs
  7 endoplasms
  3 giant cockroaches
  6 goblins
  9 hobgoblins
  10 jackals
  11 kobolds
  5 quokkas
  7 ball pythons
  6 bats
  14 rats
122 creatures vanquished.

Notes
Turn   | Place    | Note
-------+----------+-------------------------------------------
     0 | D:1      | archon2 the Deep Elf Ice Elementalist began the quest for
                  | the Orb.
     0 | D:1      | Reached XP level 1. HP: 10/10 MP: 6/6
    27 | D:1      | Found Loregg's Armour Emporium.
   264 | D:1      | Reached XP level 2. HP: 15/15 MP: 8/8
   647 | D:1      | Reached skill level 5 in Ice Magic
   686 | D:1      | Reached XP level 3. HP: 19/19 MP: 10/10
   709 | D:1      | Learned a level 3 spell: Frozen Ramparts
  1040 | D:2      | Found a hazy altar of Hepliaklqana.
  1424 | D:1      | Bought a +0 pair of gloves for 45 gold pieces
  1424 | D:1      | Bought a +0 pair of boots for 45 gold pieces
  1424 | D:1      | Bought a +0 cloak for 45 gold pieces
  1465 | D:3      | Reached XP level 4. HP: 24/24 MP: 9/11
  1466 | D:3      | Identified the +2 mace "Liveg" {protect, rCorr}
  1574 | D:3      | Found an opulent altar of Gozag.
  1575 | D:3      | Found a glowing silver altar of Zin.
  1700 | D:3      | Found a glowing drain.
  1712 | Sewer    | Entered a sewer
  1806 | Sewer    | Noticed a kobold brigand
  1830 | Sewer    | Killed a kobold brigand
  1831 | Sewer    | Reached skill level 1 in Fighting
  1831 | Sewer    | Reached skill level 6 in Ice Magic
  1831 | Sewer    | Reached XP level 5. HP: 25/29 MP: 7/13
  2247 | Sewer    | Reached XP level 6. HP: 5/35 MP: 8/15
  2431 | Sewer    | Reached skill level 5 in Spellcasting
  2553 | Sewer    | Reached skill level 7 in Ice Magic
  3248 | D:3      | Found a bloodstained altar of Trog.
  3304 | D:3      | Found a runed translucent door.
  3491 | D:3      | Noticed perezv8180's ghost (amateur TrSh)
  3669 | D:4      | Reached XP level 7. HP: 40/40 MP: 15/17
  4010 | D:4      | Found an ornate altar of the Wu Jian Council.
  4246 | D:5      | Entered Level 5 of the Dungeon
  4720 | D:5      | Reached skill level 8 in Ice Magic
  4809 | D:5      | Found a stormy altar of Qazlal.
  5047 | D:6      | Noticed a steam dragon
  5053 | D:6      | Engulfed by a steam dragon's steam

Illustrated notes

Levels and vault maps discovered:
D:1:      amcnicky_arrival_blooded_trapdoor, layout_basic, serial_shops,
          nicolae_shop_trees, chequers_serial_rivers_micro_a, minmay_tall_x
D:2:      layout_rooms, basic_altar
D:3:      layout_rooms, grunt_temple_overflow_gold_and_silver,
          lightli_temple_of_fire, ebering_ghost_sewer_d, portal_sewer_entry_b,
          minmay_misc_feat_square
D:4:      layout_cave_pools, nicolae_wu_jian_immortal_techniques,
          grunt_ministairs_12
D:5:      layout_gridville, nicolae_overflow_crystal_walls,
          chequers_serial_rivers_small_a
D:6:      layout_basic, mainiacjoe_overflow_catwalk_spiral,
          kennysheep_okawaru_gauntlet, minmay_temple_entry_mist,
          nicolae_ossuary_entry_plus, minmay_misc_feat_tower,
          nicolae_shop_i_like_big_books, grunt_ministairs_4, uniq_edmund

Skill      XL: |  1  2  3  4  5  6  7 |
---------------+----------------------+-----
Dodging        | 3 |  3.1
Ice Magic      | 5 6 7 8 |  8.0
Spellcasting   | 4 5 6 |  6.2
Fighting       | 1 2 3 |  3.0
Stealth        | |  2.4

Action                     |  1- 3 |  4- 6 |  7- 9 || total
---------------------------+-------+-------+-------++-------
  Melee: Spear             |    29 |       |       ||    29
         Unarmed           |     1 |       |       ||     1
         Mace              |       |    31 |    23 ||    54
         Punch             |       |     1 |     1 ||     2
   Fire: Sling             |    56 |   113 |    79 ||   248
  Throw: Dart              |       |     2 |       ||     2
   Cast: Freeze            |    21 |    36 |    25 ||    82
         Frozen Ramparts   |       |     5 |     4 ||     9
    Use: Potion            |       |     1 |       ||     1
   Stab: Sleeping          |     1 |       |       ||     1
 Armour: Robe              |    32 |    32 |    39 ||   103
  Dodge: Dodged            |    44 |    65 |    52 ||   161

Table legend: (Time is in decaauts)
 A = Elapsed time spent in this place.
 B = Non-inter-level travel time spent in this place.
 C = Inter-level travel time spent in this place.
 D = Time resting spent in this place.
 E = Time spent auto-exploring this place.
 F = Levels seen in this place.
 G = Mean time per level.
                   A        B        C        D        E       F      G
               +--------+--------+--------+--------+--------+-----+--------+
         Total |   5335 |   5168 |    167 |   1217 |   2571 |   7 |  762.1 |
       Dungeon |   3844 |   3677 |    167 |    552 |   2046 |   6 |  640.7 |
         Sewer |   1491 |   1491 |      0 |    664 |    525 |   1 | 1491.0 |
               +--------+--------+--------+--------+--------+-----+--------+

Top non-repeatable levels by time:
   Sewer: 1491 daAuts
     D:1: 1053 daAuts
     D:3: 804 daAuts
     D:4: 791 daAuts
     D:5: 757 daAuts
     D:2: 432 daAuts
     D:6: 6 daAuts
